Map: Rainfall LE

Players

IIIIllllIIII

  • Race: Protoss Protoss
  • League: Master
  • Spawn Location: 11:00

llllllllllll - Winner!

  • Race: Protoss Protoss
  • League: Master
  • Spawn Location: 5:00

VOD

Have the link to the VOD?

Description

Time

  • Played on: July 15, 2026, 4:30 a.m.
  • Length: 6:47
Show
View Real Time Build Order
Export as new Build Order

IIIIllllIIII Protoss 

Build Orders:  

Get SALT Encoding   

  8  0:00  Probe  
  9  0:12  Probe (Chrono Boost)  
  10  0:23  Probe (Chrono Boost)  
  10  0:28  Probe (Chrono Boost)  
  11  0:33  Pylon  
  12  0:38  Probe  
  13  0:51  Probe  
  13  0:56  Gateway  
  14  1:03  Probe (Chrono Boost)  
  15  1:07  Assimilator  
  15  1:13  Probe (Chrono Boost)  
  15  1:17  Assimilator  
  15  1:18  Probe (Chrono Boost)  
  17  1:30  Probe  
  18  1:33  Gateway  
  18  1:42  Probe  
  18  1:46  Cybernetics Core  
  19  1:54  Probe  
  20  1:57  Pylon  
  20  2:06  Probe  
  21  2:18  Probe  
  22  2:23  Stalker x2  
  22  2:25  Warp Gate  
  26  2:30  Probe  
  27  2:44  Pylon  
  27  2:45  Pylon  
  27  3:04  Nexus  
  27  3:10  Probe  
  28  3:24  Twilight Council  
  28  3:25  Probe  
  29  3:33  Pylon  
  29  3:38  Sentry  
  31  3:41  Stalker  
  33  3:53  Probe (Chrono Boost)  
  34  4:01  Blink  
  35  4:02  Probe (Chrono Boost)  
  35  4:08  Stalker  
  38  4:18  Probe (Chrono Boost)  
  38  4:20  Stalker, Probe (Chrono Boost)  
  41  4:28  Probe (Chrono Boost)  
  41  4:30  Probe (Chrono Boost)  
  43  4:35  Probe (Chrono Boost)  
  44  4:42  Stalker  
  48  4:45  Probe (Chrono Boost)  
  48  4:46  Probe (Chrono Boost)  
  48  4:49  Stalker  
  50  4:58  Pylon  
  50  5:07  Pylon  
  50  5:14  Gateway  
  50  5:16  Stalker, Probe (Chrono Boost)  
  50  5:17  Probe (Chrono Boost)  
  50  5:20  Stalker  
  57  5:32  Gateway  
  57  5:33  Probe x2 (Chrono Boost)  
  58  5:39  Gateway  
  58  5:42  Probe  
  59  5:43  Probe  
  60  5:50  Pylon  
  60  5:55  Probe x2 (Chrono Boost)  
  62  5:57  Assimilator  
  62  6:07  Stalker, Probe (Chrono Boost)  
  62  6:10  Stalker  
  68  6:12  Probe (Chrono Boost)  
  68  6:14  Probe (Chrono Boost)  
  68  6:17  Pylon  
  69  6:21  Stalker  
  70  6:31  Stalker  
Show
View Real Time Build Order
Export as new Build Order

llllllllllll Protoss - Winner!

Build Orders:  

Get SALT Encoding   

  8  0:00  Probe (Chrono Boost)  
  9  0:12  Probe (Chrono Boost)  
  10  0:17  Probe (Chrono Boost)  
  11  0:26  Pylon  
  11  0:31  Probe  
  12  0:43  Probe  
  13  0:50  Gateway  
  13  0:55  Probe (Chrono Boost)  
  14  1:02  Assimilator  
  14  1:08  Probe (Chrono Boost)  
  15  1:15  Probe (Chrono Boost)  
  16  1:22  Gateway, Probe  
  17  1:34  Probe  
  17  1:37  Cybernetics Core  
  18  1:43  Pylon  
  19  1:47  Probe  
  19  1:57  Assimilator  
  19  1:59  Probe  
  20  2:11  Probe  
  20  2:13  Warp Gate  
  20  2:14  Adept  
  23  2:16  Adept  
  25  2:23  Probe  
  26  2:36  Pylon  
  26  2:38  Probe  
  27  2:48  Sentry  
  29  2:54  Probe  
  29  2:55  Sentry  
  32  3:07  Nexus  
  32  3:09  Probe  
  33  3:20  Stalker  
  33  3:21  Probe  
  34  3:33  Robotics Facility, Probe  
  35  3:45  Probe  
  36  3:53  Pylon  
  36  3:58  Probe  
  35  4:11  Probe (Chrono Boost)  
  35  4:15  Sentry, Stalker  
  40  4:19  Probe (Chrono Boost)  
  40  4:22  Observer (Chrono Boost)  
  40  4:23  Probe (Chrono Boost)  
  43  4:29  Probe (Chrono Boost)  
  43  4:31  Probe (Chrono Boost)  
  45  4:35  Probe (Chrono Boost)  
  45  4:36  Probe  
  45  4:38  Immortal (Chrono Boost)  
  51  4:46  Probe, Pylon  
  51  4:48  Probe  
  53  4:58  Probe  
  53  4:59  Nexus  
  54  5:02  Probe  
  55  5:09  Pylon  
  55  5:10  Probe  
  56  5:14  Probe  
  56  5:18  Immortal (Chrono Boost)  
  61  5:22  Probe  
  61  5:26  Probe  
  63  5:29  Forge  
  63  5:30  Assimilator  
  63  5:31  Assimilator  
  63  5:34  Probe  
  64  5:38  Immortal (Chrono Boost), Probe  
  64  5:39  Adept  
  64  5:40  Adept  
  69  5:46  Probe, Pylon  
  70  5:50  Probe  
  71  6:02  Shield Battery  
  71  6:03  Immortal (Chrono Boost), Sentry  
  73  6:06  Stalker  
  79  6:13  Probe (Chrono Boost)  
  79  6:18  Probe x2 (Chrono Boost)  
  82  6:22  Probe (Chrono Boost)  
  82  6:24  Pylon  
  85  6:25  Probe x2 (Chrono Boost)  
  85  6:27  Probe  
  85  6:29  Stalker  
  85  6:30  Sentry  
Tags
 
Matchup
PvP
Spawn Locations
Cross Positions
Add a new tag
Caveats
  • Supply blocks, unpowered buildings, or Contaminate may cause inaccurate times.
  • Supply counts are checked every 10 seconds.